 Dungeon Crawl Stone Soup version 0.31.0 (webtiles) character file.

Game seed: 11110253810403685875

4479 gelatine the Ruffian (level 10, -2/76 HPs)
             Began as a Demonspawn Fighter on Jan 19, 2024.
             Was a Believer of Qazlal.
             Slain by an orc warrior
             ... wielding a +0 short sword
              (5 damage)
             ... on level 10 of the Dungeon.
             The game lasted 00:23:03 (8721 turns).

gelatine the Ruffian (Demonspawn Fighter)           Turns: 8721, Time: 00:23:04

Health: -2/76      AC: 10    Str: 28    XL:     10   Next: 15%
Magic:  15/15      EV: 12    Int:  6    God:    Qazlal [**....]
Gold:   458        SH: 13    Dex: 12    Spells: 9/9 levels left

rFire   . .          .
                       - Unarmed
rCold   + . .        c - +0 buckler
rNeg    . . .        r - +1 ring mail {rC+}
rPois   .            (helmet currently unavailable)
rElec   .            (cloak currently unavailable)
rCorr   .            (gloves currently unavailable)
SInv    .            (boots currently unavailable)
Will    .....        z - amulet of reflection
Stlth   +            k - +4 ring of protection
HPRegen 0.32/turn    q - +6 ring of strength
MPRegen 0.14/turn

%: reflection
@: about to teleport, beast-form, on berserk cooldown
A: beast (slay +1), claws 2, hooves 1, demonic guardian 2, iridescent scales 1,
deformed body, dopey 1
a: Begin Untransformation, Renounce Religion, Upheaval


You were on level 10 of the Dungeon.
You worshipped Qazlal.
Qazlal was pleased with you.
You were a hulking beast.
You visited 2 branches of the dungeon, and saw 11 of its levels.

You collected 458 gold pieces.

Inventory:

Hand Weapons
 a - a +0 war axe
 G - a +0 war axe of flaming
Missiles
 B - 5 curare-tipped darts
 D - 8 boomerangs
 P - a javelin (quivered)
Armour
 c - a +0 buckler (worn)
 d - a +0 helmet
 j - a +1 pair of boots
 r - a +1 ring mail of cold resistance (worn)
 O - +0 acid dragon scales
Jewellery
 k - a +4 ring of protection (left claw)
 o - a ring of positive energy
 q - a +6 ring of strength (right claw)
 w - a ring of wizardry
 z - an amulet of reflection (around neck)
Talismans
 n - a beast talisman (active)
 Q - a blade talisman
 S - a maw talisman
Wands
 p - a wand of paralysis (10)
 v - a wand of iceblast (7)
 x - a wand of polymorph (6)
 L - a wand of flame (20)
 N - a wand of acid (8)
Scrolls
 e - 3 scrolls of enchant armour {unknown}
 f - a scroll of noise {unknown}
 g - 4 scrolls of teleportation
 h - 11 scrolls of identify
 i - a scroll of torment {unknown}
 l - 3 scrolls of vulnerability {unknown}
 m - 2 scrolls of revelation {unknown}
 t - 2 scrolls of fear {unknown}
 u - 4 scrolls of fog {unknown}
 y - a scroll of enchant weapon {unknown}
 A - a scroll of acquirement {unknown}
 F - a scroll of amnesia {unknown}
 H - a scroll of brand weapon {unknown}
 I - a scroll of blinking {unknown}
Potions
 b - a potion of berserk rage
 s - a potion of curing
 C - a potion of attraction {unknown}
 E - a potion of degeneration {unknown}
 J - a potion of cancellation {unknown}
 K - a potion of ambrosia {unknown}
 M - a potion of haste {unknown}
 R - 2 potions of might


   Skills:
 * Level 6.0 Fighting
 - Level 2.0 Axes
 + Level 1.8 Throwing
 + Level 5.0 Armour
 * Level 4.3 Dodging
 + Level 0.9 Stealth
 * Level 5.1 Shields
 * Level 7.2 Unarmed Combat
 * Level 6.7 Invocations
 + Level 1.7 Evocations
 * Level 3.2 Shapeshifting


You had 9 spell levels left.
You didn't know any spells.
Your spell library contained the following spells:

 Spells                   Type           Power      Damage    Failure   Level
 Sandblast                Erth           0%         2d4       63%         1
 Passwall                 Erth           0%         N/A       94%         3
 Stone Arrow              Conj/Erth      0%         3d7       94%         3
 Animate Dead             Necr           0%         N/A       100%        4
 Brom's Barrelling Bould  Conj/Erth      0%         2d3       100%        4
 Haunt                    Necr/Summ      0%         N/A       100%        7
 Infestation              Necr           0%         N/A       100%        8


Dungeon Overview and Level Annotations

Branches:
Dungeon (11/15)            Temple (1/1) D:4
   Lair: D:8-11         Orc: D:9-12

Altars:
Ashenzari
Cheibriados
Dithmenos
Hepliaklqana
Kikubaaqudgha
Makhleb
Nemelex Xobeh
Okawaru
Qazlal
Sif Muna
Trog
Uskayaw
Vehumet
Wu Jian
Xom
Yredelemnul

Shops:
D:2 =   D:5 [=[


Innate Abilities, Weirdness & Mutations

You are a hulking beast.
Your limbs bulge with bestial killing power. (Slay +1)
You have very sharp fingernails.
You have large cloven feet.
A demonic guardian rushes to your aid.
You are partially covered in iridescent scales. (AC +2)
Armour fits poorly on your strangely shaped body.
You are dopey. (Int -2)


Message History

You scratch the orc warrior.
The orc warrior is lightly wounded.
Something hits you but does no damage. The vampire mosquito bites you.
* * * LOW HITPOINT WARNING * * *
The vampire mosquito draws strength from your injuries!
The orc warrior hits you but does no damage.
The vampire mosquito bites you!
* * * LOW HITPOINT WARNING * * *
A demonic guardian appears!
The vampire mosquito draws strength from your injuries!
You hear some strange, mumbled words.
Your rust devil resists with almost no effort.
The orc warrior hits you but does no damage.
As you read the scroll of teleportation, it crumbles to dust.
You feel strangely unstable. Something hits you.
* * * LOW HITPOINT WARNING * * *
The vampire mosquito bites you but does no damage.
Something hits you.
* * * LOW HITPOINT WARNING * * *
You block the vampire mosquito's attack.
Something hits your rust devil but does no damage.
You block the vampire mosquito's attack.
The orc warrior hits you but does no damage.
Your rust devil hits the vampire mosquito.
Your rust devil corrodes the vampire mosquito!
You feel better.
You feel yourself speed up. Something hits you but does no damage.
The vampire mosquito closely misses you.
You block the vampire mosquito's attack.
Something hits your rust devil but does no damage.
The orc warrior hits you with a +0 short sword!
* * * LOW HITPOINT WARNING * * *
Your rust devil hits the vampire mosquito!
The vampire mosquito seems to be corroded for longer.
You block the vampire mosquito's attack.
A magic dart appears from out of thin air!
The magic dart hits your rust devil but does no damage.
The orc warrior hits you with a +0 short sword.
You die...

#.#...#........# #...#...#...
#.#.#.#........# #...#.#.#...
####.#.#.#........####....#.#...
#....))))#..............###.#...
#.....#............o....'.......
#.....##....)#####......#####...
#.....######{4o###......# #...
#.....# ###yo##......# ####
#.....# ##h########## # #.....#
#..........# .. #.....#
#..........# ... #######
#..........###†...
#...)....o(..†....
#..........###4.P. #.!........#
..P ..$..######### .. ...o.# #


You could see an orc warrior, a vampire mosquito (corroded), an orc and a
friendly rust devil (summoned).

Vanquished Creatures
  A two-headed ogre (D:7)
  Maggie (D:8)
  Psyche (D:8)
  A troll (D:7)
  Sigmund (D:5)
  A vampire (D:6)
  A yak (D:10)
  A wyvern (D:10)
  A vampire mosquito (D:10)
  An acid dragon (D:7)
  2 black bears
  An ice beast (D:5)
  A centaur (D:7)
  A phantom (D:7)
  A kobold brigand (D:10)
  A bullfrog (D:7)
  2 scorpions
  3 killer bees (D:10)
  A vampire bat (D:3)
  4 hounds
  4 orc priests
  A jelly (D:5)
  2 sleepcaps
  6 iguanas
  3 orc wizards
  Robin (D:4)
  2 gnolls (D:4)
  11 adders
  2 shadow imps
  An ufetubus (D:6)
  23 orcs
  4 bat skeletons (D:3)
  2 bat zombies (D:3)
  4 endoplasms
  11 goblins
  8 hobgoblins
  7 jackals (D:4)
  3 quokkas (D:1)
  7 ball pythons
  A bat (D:2)
  A frilled lizard (D:1)
  19 kobolds
  3 rats
153 creatures vanquished.

Vanquished Creatures (collateral kills)
  A gargoyle (D:7)
  A wyvern (D:10)
  A black bear (D:10)
  A kobold brigand (D:7)
  A hound (D:3)
  A jelly (D:4)
  A sleepcap (D:5)
  An iguana (D:4)
  A gnoll (D:4)
  An ufetubus (D:6)
  2 orcs (D:5)
12 creatures vanquished.

Grand Total: 165 creatures vanquished

Notes
Turn   | Place    | Note
-------+----------+-------------------------------------------
     0 | D:1      | gelatine the Demonspawn Fighter began the quest for the
                  | Orb.
     0 | D:1      | Reached XP level 1. HP: 18/18 MP: 1/1
   318 | D:1      | Discovered your monstrous ancestry.
   318 | D:1      | Gained mutation: You have sharp fingernails. [demonic
                  | ancestry]
   318 | D:1      | Reached XP level 2. HP: 24/24 MP: 2/2
   867 | D:2      | Gained mutation: You have large cloven feet. [demonic
                  | ancestry]
   867 | D:2      | Reached XP level 3. HP: 22/29 MP: 3/3
   959 | D:2      | Found Luowef's Jewellery Shoppe.
  1082 | D:2      | Reached skill level 1 in Dodging
  1841 | D:2      | Reached skill level 1 in Unarmed Combat
  1979 | D:3      | Found a faded altar of an unknown god.
  2051 | D:2      | Gained mutation: A weak demonic guardian rushes to your
                  | aid. [demonic ancestry]
  2051 | D:2      | Reached XP level 4. HP: 10/36 MP: 4/4
  2338 | D:3      | Found a shadowy altar of Dithmenos.
  2430 | D:3      | Found an ancient bone altar of Kikubaaqudgha.
  2439 | D:3      | Reached XP level 5. HP: 40/42 MP: 5/5
  2441 | D:3      | Reached skill level 2 in Unarmed Combat
  2648 | D:3      | Found a hazy altar of Hepliaklqana.
  2904 | D:3      | Found a stormy altar of Qazlal.
  2904 | D:3      | Found a hide-covered altar of Uskayaw.
  2904 | D:3      | Found a shimmering altar of Xom.
  3146 | D:3      | Became a worshipper of Qazlal Stormbringer
  3343 | D:4      | Noticed Robin
  3364 | D:4      | Gained mutation: You are dopey. (Int -2) [potion of
                  | mutation]
  3364 | D:4      | Gained mutation: Armour fits poorly on your strangely
                  | shaped body. [potion of mutation]
  3364 | D:4      | Gained mutation: You are partially covered in iridescent
                  | scales. (AC +2) [potion of mutation]
  3371 | D:4      | Killed Robin
  3571 | D:4      | Found a radiant altar of Vehumet.
  3617 | D:4      | Reached XP level 6. HP: 22/48 MP: 6/6
  3803 | D:4      | Reached skill level 3 in Unarmed Combat
  4290 | D:4      | Reached skill level 1 in Invocations
  4296 | D:4      | Reached * piety under Qazlal
  4724 | D:4      | Found a staircase to the Ecumenical Temple.
  4730 | Temple   | Entered the Ecumenical Temple
  4842 | D:5      | Entered Level 5 of the Dungeon
  4844 | D:5      | Noticed Sigmund
  4856 | D:5      | Killed Sigmund
  4857 | D:5      | Reached XP level 7. HP: 26/54 MP: 6/8
  5105 | D:5      | Reached skill level 1 in Evocations
  5120 | D:5      | Found Modamab's Antique Armour Emporium.
  5221 | D:5      | Found Karreemp's Antique Armour Emporium.
  5305 | D:5      | Reached skill level 4 in Unarmed Combat
  5355 | D:5      | Reached skill level 1 in Shapeshifting
  5778 | D:5      | Found a sparkling altar of Nemelex Xobeh.
  5848 | D:5      | Found Mebuub Ucunt's Jewellery Emporium.
  5919 | D:6      | Gained mutation: A demonic guardian rushes to your aid.
                  | [demonic ancestry]
  5919 | D:6      | Reached XP level 8. HP: 54/61 MP: 9/11
  6153 | D:6      | Reached ** piety under Qazlal
  6286 | D:6      | Found a snail-covered altar of Cheibriados.
  7067 | D:7      | Found a bloodstained altar of Trog.
  7075 | D:7      | Reached skill level 5 in Unarmed Combat
  7246 | D:7      | Reached skill level 5 in Fighting
  7246 | D:7      | Found a burning altar of Makhleb.
  7470 | D:7      | Reached skill level 1 in Throwing
  7590 | D:7      | Noticed a gargoyle
  7590 | D:7      | Noticed a troll
  7617 | D:7      | Killed a troll
  7618 | D:7      | Reached skill level 5 in Invocations
  7618 | D:7      | Gained mutation: You have very sharp fingernails. [demonic
                  | ancestry]
  7618 | D:7      | Reached XP level 9. HP: 28/68 MP: 12/12
  7618 | D:7      | Killed a gargoyle
  7801 | D:7      | Noticed a two-headed ogre
  7810 | D:7      | Killed a two-headed ogre
  7811 | D:7      | Reached skill level 6 in Unarmed Combat
  8243 | D:8      | Noticed Psyche
  8246 | D:8      | Killed Psyche
  8247 | D:8      | Noticed Maggie
  8260 | D:8      | Killed Maggie
  8261 | D:8      | Reached skill level 5 in Shields
  8427 | D:8      | You fall into a shaft and drop 3 floors!
  8437 | D:10     | Entered Level 10 of the Dungeon
  8585 | D:10     | Reached skill level 7 in Unarmed Combat
  8673 | D:10     | Reached XP level 10. HP: 40/76 MP: 14/14
  8675 | D:10     | Reached skill level 5 in Armour
  8721 | D:10     | HP: 3/76 [orc warrior/+0 short sword (11)]
  8721 | D:10     | Slain by an orc warrior

Illustrated notes

Levels and vault maps discovered:
D:1:      minmay_arrival_four_loops, layout_basic, palyth_stone_intersect
D:2:      layout_basic, serial_shops, nicolae_shop_advertising_works
          [nicolae_subvault_shop_adworks]
D:3:      layout_loops_ring, kennysheep_vampire_church,
          nicolae_dithmenos_shadow_blocks, gammafunk_temple_overflow_claw,
          amcnicky_altar_gilded, nicolae_ecumenical_pavilion,
          minmay_misc_feat_enclosed
D:4:      layout_loops_corners, vehumet_crystals, minmay_temple_entry_fiery,
          minmay_misc_feat_doors, uniq_robin
D:5:      layout_basic, nemelex_diamond_rough_becter, serial_shops,
          kennysheep_mini, shop, shop, uniq_sigmund
D:6:      layout_basic, lemuel_round_altar
D:7:      kennysheep_big_flooded_room, layout_loops_cross,
          mainiacjoe_overflow_paths, makhleb_blood_cavern_becter, minmay_puff
D:8:      layout_basic, old_standard_altar, uniq_psyche, uniq_erica, uniq_maggie
D:10:     layout_basic, nicolae_gozag_seed_capital, david_lair_generic,
          uniq_lodul
D:11:     layout_irregular_city, orc_0_dummy, uniq_grum
Temple:   nicolae_temple_superstar

Skill      XL: |  1  2  3  4  5  6  7  8  9 10 |
---------------+-------------------------------+-----
Axes           | 2 |  2.0
Armour         | 3 4 5 |  5.0
Dodging        | 1 2 3 4 |  4.3
Unarmed Combat | 1 2 3 4 5 7 |  7.2
Shields        | 3 4 5 |  5.1
Fighting       | 4 5 6 |  6.0
Invocations    | 1 4 5 6 |  6.7
Evocations     | 1 |  1.7
Shapeshifting  | 1 2 3 |  3.2
Throwing       | 1 |  1.8
Stealth        | |  0.9

Action                     |  1- 3 |  4- 6 |  7- 9 | 10-12 || total
---------------------------+-------+-------+-------+-------++-------
  Melee: War axe           |    39 |       |       |       ||    39
         Unarmed           |   152 |   215 |   215 |    23 ||   605
         Kick              |       |       |    51 |     1 ||    52
  Throw: Javelin           |       |     5 |    41 |       ||    46
    Use: Potion            |       |     4 |     1 |     2 ||     7
         Scroll            |       |       |       |     3 ||     3
 Armour: Scale mail        |   144 |   159 |       |       ||   303
         Skin              |       |     9 |     7 |       ||    16
         Ring mail         |       |    30 |   114 |    41 ||   185
  Dodge: Dodged            |    78 |   119 |    83 |    19 ||   299
  Block: Buckler           |    40 |    80 |   117 |    26 ||   263
         Reflection        |       |       |     2 |       ||     2
   Form: Beast             |       |       |     1 |       ||     1
